 Dungeon Sprint DCSS version 0.23.2-11-gf996548c65 (webtiles) character file.

Game seed: 17685620483395510951

543 Kobolds4U the Cleaver (level 7, 0/72 HPs)
             Began as a Minotaur Fighter on June 3, 2019.
             Succumbed to a kobold demonologist's poison
             ... in the Dungeon (Sprint I: "Red Sonja").
             The game lasted 00:01:02 (177 turns).

Kobolds4U the Cleaver (Minotaur Fighter)             Turns: 177, Time: 00:01:02

Health: 0/72       AC:  8    Str: 25    XL:     7   Next: 6%
Magic:  6/6        EV:  7    Int:  5    God:
Gold:   108        SH: 10    Dex: 12    Spells: 6/6 levels left

rFire    . . .     SeeInvis .   a - +0 war axe
rCold    . . .     Gourm    .   c - +0 shield
rNeg     . . .     Faith    .   b - +0 scale mail
rPois    .         Spirit   .   (helmet restricted)
rElec    .         Reflect  .   (no cloak)
rCorr    .         Harm     .   (no gloves)
MR       .....     NoTele   +   (no boots)
Stlth    ..........             (no amulet)
HPRegen  0.22/turn              (no ring)
MPRegen  0.10/turn              (no ring)

@: mighty, lethally poisoned (0 -> -17)
A: retaliatory headbutt, horns 2
a: no special abilities


You were in the Dungeon.
You were not hungry.

You visited 1 branch You collected 108 gold pieces.

Inventory:

Hand Weapons
 a - a +0 war axe (weapon)
Armour
 b - a +0 scale mail (worn)
 c - a +0 shield (worn)
Scrolls
 k - a scroll of blinking
Potions
 e - a potion of curing
 h - a potion of haste
 i - 2 potions of magic
 j - a potion of berserk rage
Comestibles
 f - a ration
 l - 7 chunks of flesh


   Skills:
 + Level 10.2 Fighting
 * Level 13.2 Axes
 + Level 8.1 Armour
 - Level 3.6 Shields


You had 6 spell levels left.
You didn't know any spells.
Your spell library was empty.

Dungeon Overview and Level Annotations

Branches:
Dungeon (1/1)

Altars:
Makhleb
Xom
Jiyva
Lugonu


Innate Abilities, Weirdness & Mutations

You reflexively headbutt those who attack you in melee.
You have a pair of horns on your head.


Message History

You slash the crimson imp!
You kill the crimson imp!
You closely miss the kobold demonologist.
You miss the sixfirhy.
You feel sick. You block the sixfirhy's attack. The sixfirhy hits you.
The sixfirhy shocks you!
* * * LOW HITPOINT WARNING * * *
The sixfirhy hits you.
* * * LOW HITPOINT WARNING * * *
The sixfirhy shocks you!
* * * LOW HITPOINT WARNING * * *
The crimson imp blinks!
The kobold demonologist mumbles some strange words.
You block the kobold demonologist's attack.
Unknown command.
You closely miss the kobold demonologist.
Your headbutt misses the kobold demonologist.
The kobold demonologist is moderately wounded.
You hit the shadow imp. You hit the kobold demonologist.
You barely miss the sixfirhy.
You die...

####################
)..#..'.$#__#$.5@K5#
#..').#$.'..'.$#K34#
##+#####+#__####5..+
#### #####


You could see 2 kobold demonologists, a sixfirhy, a chaos spawn, a crimson imp,
a white imp and a shadow imp.

Vanquished Creatures
  A slime creature (D)
  Sigmund (D)
  A floating eye (D)
  An ogre (D)
  Ijyb (D)
5 creatures vanquished.

Notes
Turn   | Place    | Note
-------+----------+-------------------------------------------
     0 | D        | Kobolds4U the Minotaur Fighter began the quest for the Orb.
     0 | D        | Reached XP level 1. HP: 19/19 MP: 0/0
     1 | D        | Noticed Ijyb
    15 | D        | Killed Ijyb
    15 | D        | Reached skill level 5 in Fighting
    15 | D        | Reached skill level 6 in Axes
    15 | D        | Reached XP level 2. HP: 18/29 MP: 1/1
   130 | D        | Noticed an ogre
   132 | D        | Killed an ogre
   132 | D        | Reached skill level 9 in Axes
   132 | D        | Reached XP level 3. HP: 39/39 MP: 2/2
   132 | D        | Reached XP level 4. HP: 47/47 MP: 3/3
   138 | D        | Noticed Sigmund
   144 | D        | Killed Sigmund
   144 | D        | Reached skill level 11 in Axes
   144 | D        | Reached XP level 5. HP: 38/56 MP: 4/4
   153 | D        | Found a burning altar of Makhleb.
   153 | D        | Found a viscous altar of Jiyva.
   153 | D        | Found a shimmering altar of Xom.
   153 | D        | Found a corrupted altar of Lugonu.
   153 | D        | Noticed a slime creature
   158 | D        | Killed a slime creature
   158 | D        | Reached skill level 12 in Axes
   158 | D        | Reached XP level 6. HP: 41/66 MP: 5/5
   167 | D        | Noticed a kobold demonologist
   167 | D        | Noticed a floating eye
   167 | D        | Noticed a kobold demonologist
   168 | D        | Paralysed by a floating eye for 2 turns
   170 | D        | Noticed a chaos spawn
   171 | D        | Killed a floating eye
   171 | D        | Reached skill level 10 in Fighting
   171 | D        | Reached skill level 13 in Axes
   171 | D        | Reached XP level 7. HP: 47/72 MP: 6/6
   173 | D        | Noticed a sixfirhy
   176 | D        | HP: 1/72 [sixfirhy[a kobold demonologist] (11)]
   177 | D        | Succumbed to a kobold demonologist's poison

Skill      XL: |  1  2  3  4  5  6 |
---------------+-------------------+-----
Fighting       | 5 7 8 9 10 | 10.2
Axes           | 6 9 11 12 13 | 13.2
Armour         | 6 7 8 |  8.1
Shields        | |  3.6

Action                   |  1- 3 |  4- 6 |  7- 9 || total
-------------------------+-------+-------+-------++-------
Melee: War axe           |    14 |    11 |     4 ||    29
       Headbutt          |     6 |     2 |       ||     8
  Use: Potion            |     1 |       |     1 ||     2
Armor: Scale mail        |     5 |     1 |     5 ||    11
Dodge: Dodged            |     2 |     2 |     1 ||     5
Block: Shield            |     6 |     3 |     4 ||    13
